 Dungeon Crawl Stone Soup version 0.29.1-15-g9cfb28693d (webtiles) character file.

Game seed: 6085345606323926856

546 protoss039 the Digger (level 7, 52/52 HPs)
             Began as a Demonspawn Earth Elementalist on Mar 12, 2023.
             Was a Follower of Vehumet.
             Got out of the dungeon alive.
             The game lasted 00:05:15 (4123 turns).

protoss039 the Digger (DsEE)                        Turns: 4123, Time: 00:05:16

Health: 52/52      AC: 12    Str:  9    XL:     7   Next: 6%
Magic:  12/12      EV: 10    Int: 20    God:    Vehumet [*.....]
Gold:   317        SH:  0    Dex: 13    Spells: 5/13 levels left

rFire   + . .      SeeInvis .   o - +5 glaive of the Guard {elec, spectral, AC+5}
rCold   . . .      Faith    .   (shield currently unavailable)
rNeg    . . .      Spirit   .   q - +0 ring mail
rPois   .          Reflect  .   (no helmet)
rElec   .          Harm     .   t - +0 cloak
rCorr   .          Rampage  .   a - +0 pair of gloves
Will    +....                   (no boots)
Stlth   +.........              (no amulet)
HPRegen 0.17/turn               h - ring of willpower
MPRegen 0.13/turn               u - ring of protection from fire

@: no status effects
A: foul stench 1, powered by pain 1, big brain 1
a: Renounce Religion


You escaped.
You worshipped Vehumet.
Vehumet was aware of your devotion.
You visited 1 branch of the dungeon, and saw 5 of its levels.
You also visited: Sewer.

You collected 317 gold pieces.

Inventory:

Hand Weapons
 o - the +5 glaive of the Guard (weapon) {elec, spectral, AC+5}
   (You found it on level 3 of the Dungeon)

   It occasionally discharges a powerful burst of electricity upon striking a
   foe.
   When it strikes, its spirit leaps out and fights alongside the wielder.
   AC:        It affects your AC (+5).
Armour
 a - a +0 pair of gloves (worn)
 q - a +0 ring mail (worn)
 t - a +0 cloak (worn)
Jewellery
 h - a ring of willpower (left hand)
 u - a ring of protection from fire (right hand)
Wands
 p - a wand of flame (16)
Scrolls
 c - a scroll of torment {unknown}
 e - 2 scrolls of teleportation
 k - a scroll of identify
 m - a scroll of amnesia {unknown}
 r - a scroll of summoning {unknown}
 s - a scroll of enchant armour {unknown}
Potions
 b - 2 potions of magic
 d - a potion of attraction {unknown}
 f - 4 potions of heal wounds
 g - 3 potions of haste
 i - 2 potions of might
 j - 2 potions of curing {unknown}
 l - 2 potions of degeneration {unknown}
 n - a potion of brilliance {unknown}


   Skills:
 + Level 3.3 Fighting
 * Level 2.0 Armour
 - Level 1.7 Dodging
 - Level 1.7 Stealth
 + Level 3.7 Spellcasting
 + Level 1.4 Conjurations
 * Level 2.3 Transmutations
 + Level 4.2 Earth Magic


You had 5 spell levels left.
You knew the following spells:

 Your Spells              Type           Power      Damage    Failure   Level
a - Sandblast             Erth           40%        2d10      6%          1
b - Passwall              Tmut/Erth      13%        N/A       14%         2
c - Stone Arrow           Conj/Erth      30%        3d8       32%         3
d - Wereblood             Tmut           13%        N/A       21%         2

Your spell library contained the following spells:

 Spells                   Type           Power      Damage    Failure   Level
 Shock                    Conj/Air       24%        1d4       26%         1
 Beastly Appendage        Tmut           26%        N/A       14%         1
 Apportation              Tloc           6%         N/A       34%         1
 Spider Form              Tmut/Pois      8%         N/A       54%         3
 Petrify                  Tmut/Erth      16%        N/A       67%         4
 Alistair's Intoxication  Tmut/Pois      5%         N/A       99%         5


Dungeon Overview and Level Annotations

Branches:
Dungeon (5/15) Zot: 25921   Sewer (visited)
 Temple: D:4-7

Altars:
Dithmenos
Vehumet

Shops:
D:1 (([*=

Annotations:
D:4 1 transporter, 2 runed translucent doors, Ceigo's ghost, amateur DgFi


Innate Abilities, Weirdness & Mutations

You may rarely emit foul miasma when damaged in melee.
You sometimes gain a little power by taking damage.
You have an unusually large brain. (Int +2)


Message History

You hit the hound.
The hound is moderately wounded.
Your +5 glaive of the Guard {elec, spectral, AC+5} hits the hound!!
Lightning courses through the hound!!
You kill the hound!
Vehumet accepts your kill.
The hound barely misses your +5 glaive of the Guard {elec, spectral, AC+5}.
Your Armour skill increases to level 2!
You have reached level 7!
Your demonic ancestry asserts itself...
You begin to emit a foul stench of rot and decay.
You reach to attack!
You slash the hound!
The hound is almost dead.
Your +5 glaive of the Guard {elec, spectral, AC+5} hits the hound!!
You kill the hound!
Vehumet accepts your kill.
Unknown command.
No target in view!
Unknown command.
Unknown command.
(D) Dungeon
Where to? (Enter - D:4 @ (x,y), ? - help)
What level of the Dungeon? (default 1, ? - help)
There is a stone staircase leading up here.
You climb upwards.
Level annotation: 1 transporter, 2 runed translucent doors, Ceigo's ghost, amateur DgFi
There is a stone staircase leading down here.
There is a stone staircase leading up here.
You climb upwards.
There is a stone staircase leading down here.
There is a stone staircase leading up here.
You climb upwards.
There is a stone staircase leading down here.
There is a stone staircase leading up here.
You climb upwards.
There is a stone staircase leading down here.
There is an open door here.
There is a staircase leading out of the dungeon here.
Are you sure you want to leave the Dungeon?
This will make you lose the game!
You have escaped!

##.#######.##..#.##.##.#####.#
#.# #.##....#...#.#####.# #.#
#.##...####.#.....#.# #.#
#....#.# #.#####.#.# ###.#
######'####.#.....#.# [.#.#
#.......#.#.#####.# ..#.#
#.8.8.8.#...#####.# ..#.####
###.......#.........# ###....#
##.'.8.@.8.+.#########
.##....# #..#.......#.##.#
.......###.##.8.8.8.#....#
..#........##.......####.#
..#........#####+#### #.#
#.#........# ##.#######.#
#.#........# #..........#
#.#....##### #........###
#.#....# #..........####


There were no monsters in sight!

Vanquished Creatures
  Pargi (Sewer)
  A centaur (D:5)
  A phantom (D:3)
  A howler monkey (D:4)
  4 hounds
  Terence (D:3)
  A gnoll (D:1)
  3 adders
  A worm (D:4)
  A dart slug (D:4)
  An orc (D:3)
  11 endoplasms
  5 giant cockroaches
  2 goblins
  4 hobgoblins
  4 jackals (D:3)
  7 quokkas
  8 ball pythons
  4 bats
  2 frilled lizards
  11 kobolds
  8 rats
82 creatures vanquished.

Notes
Turn   | Place    | Note
-------+----------+-------------------------------------------
     0 | D:1      | protoss039 the Demonspawn Earth Elementalist began the
                  | quest for the Orb.
     0 | D:1      | Reached XP level 1. HP: 13/13 MP: 3/3
    91 | D:1      | Found Ycvam's Assorted Antiques.
   225 | D:1      | Gained mutation: You sometimes gain a little power by
                  | taking damage. [demonic ancestry]
   225 | D:1      | Reached XP level 2. HP: 17/20 MP: 0/5
   296 | D:1      | Found Muboijiu's Armour Boutique.
   304 | D:1      | Reached skill level 1 in Fighting
   329 | D:1      | Reached skill level 3 in Earth Magic
   590 | D:1      | Found Woimpaj's Weapon Shop.
   681 | D:1      | Found a faded altar of an unknown god.
   719 | D:1      | Found Agyipuas's Antique Weapon Boutique.
   787 | D:1      | Gained mutation: You have an unusually large brain. (Int
                  | +2) [demonic ancestry]
   787 | D:1      | Reached XP level 3. HP: 18/26 MP: 2/6
   925 | D:1      | Found Iceh Mie's Jewellery Boutique.
  1146 | D:1      | Learned a level 2 spell: Passwall
  2072 | D:2      | Learned a level 3 spell: Stone Arrow
  2213 | D:3      | Noticed a phantom
  2216 | D:3      | Found the +5 glaive of the Guard {elec, spectral, AC+5}
  2219 | D:3      | Killed a phantom
  2220 | D:3      | Reached XP level 4. HP: 30/34 MP: 1/8
  2272 | D:3      | Reached XP level 5. HP: 33/39 MP: 3/9
  2470 | D:3      | Found a radiant altar of Vehumet.
  2538 | D:3      | Noticed Terence
  2542 | D:3      | Killed Terence
  2758 | D:3      | Became a worshipper of Vehumet
  2830 | D:3      | Learned a level 2 spell: Wereblood
  2831 | D:4      | Found a transporter.
  3070 | D:4      | Reached skill level 1 in Transmutations
  3157 | D:4      | Reached skill level 4 in Earth Magic
  3162 | D:4      | Found a glowing drain.
  3167 | Sewer    | Entered a sewer
  3273 | Sewer    | Noticed Pargi
  3275 | Sewer    | Killed Pargi
  3276 | Sewer    | Reached skill level 1 in Armour
  3276 | Sewer    | Reached skill level 1 in Conjurations
  3276 | Sewer    | Reached XP level 6. HP: 47/47 MP: 11/11
  3444 | D:4      | Found a large runed translucent door.
  3444 | D:4      | Found a large runed translucent door.
  3456 | D:4      | Noticed Ceigo's ghost (amateur DgFi)
  3582 | D:4      | Found a shadowy altar of Dithmenos.
  3641 | D:4      | Reached * piety under Vehumet
  3641 | D:4      | Offered knowledge of Shock by Vehumet.
  3999 | D:5      | Entered Level 5 of the Dungeon
  4045 | D:5      | Gained mutation: You may rarely emit foul miasma when
                  | damaged in melee. [demonic ancestry]
  4045 | D:5      | Reached XP level 7. HP: 51/52 MP: 12/12
  4123 | D:$      | Got out of the dungeon alive.

Illustrated notes

Levels and vault maps discovered:
D:1:      doesnt_arrival_eight_statues, layout_basic,
          hellmonk_ecumenical_altar_blasted, serial_shops, shop,
          nicolae_lakefront_shop, nicolae_shop_stone, nicolae_shop_crystal, shop
D:2:      layout_loops_corners, minivault_19
D:3:      layout_rooms, vehumet_altar_wand_db, item_on_display_b, uniq_terence
D:4:      gammafunk_cloud_chamber, layout_gridville,
          mainiacjoe_overflow_24_doors, ebering_ghost_disaster_area,
          gup_sewer_entry_spiral
D:5:      layout_layer_cave, nicolae_uskayaw_dance_hall, grunt_qazlal_sundering,
          dreamdust_princess_bridge, uniq_edmund

Skill      XL: |  1  2  3  4  5  6 |
---------------+-------------------+-----
Fighting       | 1 2 3 |  3.3
Earth Magic    | 3 4 |  4.2
Spellcasting   | 3 |  3.7
Transmutations | 1 2 |  2.3
Armour         | 1 2 |  2.0
Conjurations   | 1 |  1.4
Dodging        | |  1.7
Stealth        | |  1.7

Action                   |  1- 3 |  4- 6 |  7- 9 || total
-------------------------+-------+-------+-------++-------
Melee: Dagger            |    17 |    27 |       ||    44
       Punch             |     1 |       |       ||     1
       Glaive            |       |    45 |     1 ||    46
 Cast: Sandblast         |    48 |     7 |       ||    55
       Passwall          |       |     2 |       ||     2
  Use: Scroll            |       |     4 |       ||     4
 Stab: Sleeping          |     1 |     4 |       ||     5
Armor: Robe              |     6 |       |       ||     6
       Leather armour    |     2 |    24 |       ||    26
       Ring mail         |       |     7 |       ||     7
Dodge: Dodged            |    30 |    52 |       ||    82
